 Dungeon Crawl Stone Soup version 0.19.1 (console) character file.

215 Jesseh the Chiller (level 5, -10/35 HPs)
             Began as a Merfolk Ice Elementalist on Nov 23, 2016.
             Mangled by SaintRoka's ghost (11 damage)
             ... on level 3 of the Dungeon.
             The game lasted 00:12:28 (2461 turns).

Jesseh the Chiller (Merfolk Ice Elementalist)       Turns: 2461, Time: 00:12:29

Health: -10/35     AC:  3    Str:  8    XL:     5   Next: 92%
Magic:  0/9        EV: 13    Int: 14    God:
Gold:   95         SH:  0    Dex: 16    Spells: 3 memorised, 2 levels left

rFire  x . .     SeeInvis .     e - +0 dagger
rCold  + . .     Gourm    +     a - +0 robe
rNeg   . . .     Faith    .     (no shield)
rPois  .         Spirit   .     (no helmet)
rElec  .         Reflect  .     (no cloak)
rCorr  .         Harm     .     x - +0 pair of gloves
MR     .....                    (no boots)
Stlth  ++........               o - amulet of the gourmand
                                (no ring)
                                i - ring of ice

@: no status effects
A: change form in water, swift swim, stealthy swim
a: no special abilities


You were on level 3 of the Dungeon.
You were very full.

You visited 1 branch of the dungeon, and saw 3 of its levels.

You collected 95 gold pieces.

Inventory:

Hand Weapons
 e - a +0 dagger (weapon)
   (You took it off a goblin on level 1 of the Dungeon)
Missiles
 f - 11 poisoned needles
Armour
 a - a +0 robe (worn)
 m - a cursed +0 chain mail
   (You took it off a goblin on level 1 of the Dungeon)
 n - a +0 ring mail
   (You found it on level 1 of the Dungeon)
 v - a +0 scale mail
   (You found it on level 3 of the Dungeon)
 x - a +0 pair of gloves (worn)
   (You found it on level 3 of the Dungeon)
Jewellery
 i - a ring of ice (left hand)
   (You found it on level 1 of the Dungeon)
 o - an amulet of the gourmand (around neck)
   (You found it on level 1 of the Dungeon)
Scrolls
 g - a scroll of identify {unknown}
 j - a scroll of magic mapping {unknown}
 u - a scroll of immolation {unknown}
Potions
 d - 3 potions of berserk rage {unknown}
 k - a potion of might {unknown}
 l - a potion of degeneration {unknown}
 q - a potion of agility {unknown}
 r - 3 potions of mutation {unknown}
 s - a potion of heal wounds {unknown}
 w - a potion of flight {unknown}
Books
 b - a book of Frost
Comestibles
 c - a bread ration
 p - 3 fruits


   Skills:
 - Level 3.0 Dodging
 - Level 2.1 Stealth
 - Level 3.0 Spellcasting
   Level 0.7 Conjurations
 * Level 3.4 Charms
 * Level 2.6 Summonings
 - Level 4.0 Ice Magic


You had 2 spell levels left.
You knew the following spells:

 Your Spells              Type           Power        Failure   Level  Hunger
a - Freeze                Ice            ###.         4%          1    #......
b - Ozocubu's Armour      Chrm/Ice       ###.....     17%         3    ###....
c - Summon Ice Beast      Ice/Summ       ###.....     58%         4    #####..


Dungeon Overview and Level Annotations

Branches:
Dungeon (3/15)

Altars:

Annotations:
D:3 SaintRoka's ghost, amateur HaFi


Message History

Aim: an orc, wielding a mace of protection and wearing a ring mail You feel a surge of power!
You freeze the orc.
The orc hits you with a mace of protection.
* * * LOW HITPOINT WARNING * * *
Aim: an orc, wielding a mace of protection and wearing a ring mail (almost dead)
You feel a surge of power!
You freeze the orc.
You kill the orc!
You start resting.
Eating one of 3 chunks of flesh.
You start eating one of the 3 chunks of flesh.
You feel yourself speed up.
This raw flesh tastes great.
You start resting.
All of the chunks of flesh in your inventory have rotted away.
t - a mace of protection You see here a ring mail.
Things that are here:
a dagger; a robe
Things that are here:
a dagger; a robe You see here a buckler.
u - a scroll labeled UHUPNU FIGH
Things that are here:
a dagger; a robe You see here a scale mail.
v - a scale mail You see here 14 bolts.
w - a blue potion You see here 14 bolts.
You see here a scale mail.
You see here 14 bolts.
You see here a pair of gloves.
x - a pair of gloves Wear which item? (? for menu, Esc to quit)
You start removing your armour.
You continue taking off your +0 pair of gloves. x4
You finish taking off your +0 pair of gloves.
You start putting on your armour.
You continue putting on your pair of gloves. x5
You finish putting on your +0 pair of gloves.
Drop what? 24/52 slots (_ for help) (? for menu, Esc to quit)
You drop a +0 pair of gloves.
You drop a mace of protection.
A kobold comes into view. It is wielding a falchion.
Found a stone staircase leading up.
Aim: a kobold, wielding a falchion (hasn't noticed you)
You feel a surge of power!
You freeze the kobold.
You kill the kobold!
You now have 95 gold pieces (gained 13).
Things that are here:
a falchion; 2 stones; a kobold corpse You see here a dagger.
You see here 17 arrows.
There is a stone staircase leading up here.
Found an escape hatch in the ceiling.
An ooze comes into view.
Aim: an ooze You feel a surge of power!
You freeze the ooze.
Aim: an ooze (moderately wounded)
You feel a surge of power!
You freeze the ooze. The ooze misses you.
Aim: an ooze (heavily wounded)
You feel a surge of power!
You freeze the ooze.
You kill the ooze!
There is an escape hatch in the ceiling here.
SaintRoka's ghost (amateur Halfling Fighter) comes into view.
SaintRoka's ghost turns its malevolent gaze towards you.
SaintRoka's ghost says, "What do you have that I didn't have?"
Aim: SaintRoka's ghost You feel a surge of power!
You freeze SaintRoka's ghost. SaintRoka's ghost hits you.
Aim: SaintRoka's ghost (lightly damaged)
You feel a surge of power!
You freeze SaintRoka's ghost. SaintRoka's ghost hits you!
You hear a shout!
Aim: SaintRoka's ghost (lightly damaged)
You feel a surge of power!
You freeze SaintRoka's ghost.
You hear a shout! x4
SaintRoka's ghost misses you.
An orc comes into view. It is wielding a dagger.
Aim: SaintRoka's ghost (moderately damaged)
You feel a surge of power!
You freeze SaintRoka's ghost. SaintRoka's ghost misses you.
Aim: SaintRoka's ghost (moderately damaged)
You feel a surge of power!
You freeze SaintRoka's ghost. The orc hits you but does no damage.
SaintRoka's ghost hits you!
* * * LOW HITPOINT WARNING * * *
Aim: an orc, wielding a dagger You feel a surge of power!
You freeze the orc.
You kill the orc!
Aim: SaintRoka's ghost (heavily damaged)
You feel a surge of power!
You freeze SaintRoka's ghost. SaintRoka's ghost barely misses you.
Aim: SaintRoka's ghost (severely damaged)
You feel a surge of power!
You freeze SaintRoka's ghost. SaintRoka's ghost hits you.
* * * LOW HITPOINT WARNING * * *
You hit SaintRoka's ghost but do no damage.
SaintRoka's ghost hits you!
* * * LOW HITPOINT WARNING * * *
You hit SaintRoka's ghost. SaintRoka's ghost hits you!
You die...

....▒....)..▒
............▒
▒▒..▒.....▒▒▒▒
▒▒...▒.........
▒▒▒..▒......▒▒▒▒▒
▒▒...▒▒..[▒.)▒
▒..▒▒▒▒.▒▒▒..▒
▒W▒▒ ▒. ▒▒.▒▒ ▒m▒
▒ ▒..▒▒ ▒▒.▒ .
▒...▒▒▒ ▒.<▒ ...
▒.▒....
▒▒▒.▒▒...▒
▒.▒▒▒▒▒
▒▒▒▒▒......▒
▒(...▒
▒......▒▒▒▒▒
▒▒▒▒.▒ ▒.▒▒▒..▒
▒.▒ ▒.▒▒ ▒.▒ ▒.▒
▒.▒


You could see SaintRoka's ghost.

Vanquished Creatures
  2 orc wizards (D:3)
  Natasha (twice) (D:2)
  4 adders (D:2)
  An ooze (D:3)
  2 dart slugs (D:1)
  3 leopard geckos (D:1)
  3 orcs (D:3)
  A ball python (D:2)
  11 goblins
  6 hobgoblins
  6 jackals (D:1)
  2 bats
  5 frilled lizards (D:1)
  7 kobolds
  8 rats
63 creatures vanquished.

Notes
Turn   | Place    | Note
-------+----------+-------------------------------------------
     0 | D:1      | Jesseh the Merfolk Ice Elementalist began the quest for the Orb.
     0 | D:1      | Reached XP level 1. HP: 13/13 MP: 3/3
    55 | D:1      | HP: 1/13 [goblin/dagger (3)]
   430 | D:1      | Reached XP level 2. HP: 19/19 MP: 1/5
   663 | D:1      | Reached skill level 4 in Ice Magic
   709 | D:1      | HP: 4/19 [goblin/dagger (4)]
   710 | D:1      | Reached XP level 3. HP: 6/24 MP: 3/6
   940 | D:1      | Learned a level 3 spell: Ozocubu's Armour
  1044 | D:1      | Reached skill level 3 in Dodging
  1324 | D:2      | Reached skill level 1 in Charms
  1344 | D:2      | Reached skill level 3 in Spellcasting
  1344 | D:2      | Reached XP level 4. HP: 18/30 MP: 5/8
  1350 | D:2      | Learned a level 4 spell: Summon Ice Beast
  1414 | D:2      | Found a faded altar of an unknown god.
  1416 | D:2      | Noticed Natasha
  1431 | D:2      | Killed Natasha
  1431 | D:2      | Reached skill level 2 in Charms
  1431 | D:2      | Reached skill level 1 in Summonings
  1586 | D:2      | Noticed Natasha
  1593 | D:2      | HP: 3/30 [Natasha (6)]
  1597 | D:2      | Killed Natasha
  1597 | D:2      | Reached XP level 5. HP: 5/35 MP: 7/9
  2002 | D:3      | Reached skill level 3 in Charms
  2002 | D:3      | Reached skill level 2 in Summonings
  2010 | D:3      | HP: 7/35 [orc/mace of protection (5)]
  2017 | D:3      | HP: 2/35 [orc/mace of protection (6)]
  2446 | D:3      | Noticed SaintRoka's ghost (amateur HaFi)
  2459 | D:3      | HP: 8/35 [SaintRoka's ghost (2)]
  2460 | D:3      | HP: 1/35 [SaintRoka's ghost (7)]
  2461 | D:3      | Mangled by SaintRoka's ghost

Skill      XL: |  1  2  3  4  5 |
---------------+----------------+-----
Ice Magic      | 4 |  4.0
Dodging        | 3 |  3.0
Charms         | 1 2 3 |  3.4
Spellcasting   | 3 |  3.0
Summonings     | 1 2 |  2.6
Stealth        | |  2.1
Conjurations   | |  0.7

Action                   |  1- 3 |  4- 6 || total
-------------------------+-------+-------++-------
Melee: Unarmed           |    14 |       ||    14
       Dagger            |    60 |    17 ||    77
 Cast: Freeze            |    48 |    50 ||    98
  Eat: Chunk             |    13 |     7 ||    20
Armor: Robe              |    19 |     8 ||    27
Dodge: Dodged            |    76 |    43 ||   119

Vault maps used:
D:1:      dpeg_arrival_stone_temple_mockup, st_stairs_6, minmay_misc_feat_doors
D:2:      ecumenical_altar_2, uniq_natasha

Table legend:
 A = Turns spent in this place as a percentage of turns spent in the entire game.
 B = Non-inter-level travel turns spent in this place as a percentage of non-inter-level travel turns spent in the entire game.
 C = Inter-level travel turns spent in this place as a percentage of turns spent in this place.
 D = Turns resting spent in this place as a percentage of non-inter-level travel turns spent in this place.
 E = Turns spent auto-exploring this place as a percentage of non-inter-level travel turns spent in this place.
 F = Non-inter-level travel turns spent in this place divided by the number of levels of this place that you've seen.
                   A       B       C       D       E      F
               +-------+-------+-------+-------+-------+----------------------
         Total | 100.0 | 100.0 |   0.4 |   2.4 |   5.3 | 277.0
       Dungeon | 100.0 | 100.0 |   0.4 |   2.4 |   5.3 | 277.0
               +-------+-------+-------+-------+-------+----------------------

Table legend:
 A = Kills in this place as a percentage of kills in entire the game.
 B = Kills by you in this place as a percentage of kills by you in the entire game.
 C = Kills by friends in this place as a percentage of kills by friends in the entire game.
 D = Other kills in this place as a percentage of other kills in the entire game.
 E = Experience gained in this place as a percentage of experience gained in the entire game.
 F = Experience gained in this place divided by the number of levels of this place that you have seen.
                   A       B       C       D       E      F
               +-------+-------+-------+-------+-------+----------------------
         Total | 100.0 | 100.0 |  -nan |  -nan | 100.0 | 102.7
       Dungeon | 100.0 | 100.0 |  -nan |  -nan | 100.0 | 102.7
               +-------+-------+-------+-------+-------+----------------------
